 Dungeon Crawl Stone Soup version 0.23.2-1-ga50397a (webtiles) character file.

Game seed: 8345922037926879633

130 wilfster70 the Ruffian (level 4, -4/45 HPs)
             Began as a Troll Monk on May 23, 2019.
             Killed from afar by Ijyb (16 damage)
             ... with a wand of acid (4)
             ... on level 3 of the Dungeon.
             The game lasted 00:05:28 (2103 turns).

wilfster70 the Ruffian (Troll Monk)                 Turns: 2103, Time: 00:05:29

Health: -4/45      AC:  0    Str: 19    XL:     4   Next: 90%
Magic:  12/12      EV:  8    Int:  7    God:
Gold:   126        SH:  9    Dex: 12    Spells: 3/3 levels left

rFire    . . .     SeeInvis .     - Unarmed
rCold    . . .     Gourm    +   t - +2 shield
rNeg     . . .     Faith    .   a - +0 robe
rPois    +         Spirit   .   k - +1 hat
rElec    .         Reflect  .   h - +0 cloak
rCorr    .         Harm     .   (gloves unavailable)
MR       .....                  (boots unavailable)
Stlth    ++........             c - amulet of regeneration
HPRegen  0.95/turn              d - ring of magical power
MPRegen  0.13/turn              f - ring of poison resistance

@: corroded
A: large, unfitting armour, claws 3, fast metabolism 3, gourmand, regeneration
1, shaggy fur 1, tough skin 3
a: no special abilities


You were on level 3 of the Dungeon.
You were full.

You visited 1 branch of the dungeon, and saw 3 of its levels.

You collected 126 gold pieces.

Inventory:

Missiles
 m - a throwing net (quivered)
Armour
 a - a +0 robe (worn)
 h - a +0 cloak (worn)
 k - a +1 hat (worn)
 t - a +2 shield (worn)
Jewellery
 c - an amulet of regeneration (around neck)
 d - a ring of magical power (left claw)
 f - a ring of poison resistance (right claw)
 q - a +3 ring of dexterity {unknown}
Wands
 n - a wand of random effects (26)
Scrolls
 e - a scroll of magic mapping {unknown}
 i - a scroll of noise {unknown}
 j - a scroll of identify {unknown}
 l - 3 scrolls of fear {unknown}
 o - 2 scrolls of teleportation {unknown}
 p - a scroll of amnesia {unknown}
 r - a scroll of fog {unknown}
Potions
 g - a potion of heal wounds
 s - a potion of brilliance {unknown}
Comestibles
 b - 8 rations


   Skills:
 + Level 3.0 Fighting
 + Level 3.1 Dodging
 - Level 1.0 Stealth
 * Level 0.6 Shields
 + Level 4.4 Unarmed Combat


You had 3 spell levels left.
You didn't know any spells.
Your spell library was empty.

Dungeon Overview and Level Annotations

Branches:
Dungeon (3/15)

Altars:
Trog

Annotations:
D:3 Ijyb


Innate Abilities, Weirdness & Mutations

You are too large for most types of armour.
You have claws for hands.
Your metabolism is lightning-fast.
You like to eat raw meat.
Your natural rate of healing is unusually fast.
You are covered in fur. (AC +1)
You have extremely tough skin. (AC +3)


Message History

Ijyb hits you with a +5 dagger of flaming.
* * * LOW HITPOINT WARNING * * *
Ijyb burns you.
* * * LOW HITPOINT WARNING * * *
It was a potion of heal wounds.
You feel much better. Ijyb closely misses you.
You closely miss Ijyb.
Ijyb is severely wounded.
You block Ijyb's attack.
You closely miss Ijyb.
Ijyb is severely wounded.
You block Ijyb's attack.
You scratch Ijyb but do no damage.
Ijyb is severely wounded.
You block the worm's attack.
Ijyb zaps a wand.
The bolt of acid hits you! The acid corrodes you!
You are splashed with acid!
* * * LOW HITPOINT WARNING * * *
You closely miss Ijyb.
Ijyb is severely wounded.
Ijyb zaps a wand.
The bolt of acid hits you!
You die...

#......# ####...#..####
#......# ##...##.# #......#
#....##.# #......#
#....##.#### ##......#
#...###.##..
.........######...# #.##..
..............##...# #..#..
......<.......##...# ##.#..
..........@...##...# #..##
..........gw..##)..#####'##
.............###.(........
............# #..........
######......# #...(..(...
#......# #......(...
.......# #..........
#.......# #..........
#..........


You could see Ijyb and a worm.

Vanquished Creatures
  6 adders
  2 worms (D:2)
  3 dart slugs (D:1)
  A leopard gecko (D:1)
  3 orcs (D:3)
  A ball python (D:3)
  8 giant cockroaches
  7 goblins
  4 hobgoblins
  A quokka (D:2)
  7 bats
  3 frilled lizards
  7 kobolds
  7 rats
60 creatures vanquished.

Notes
Turn   | Place    | Note
-------+----------+-------------------------------------------
     0 | D:1      | wilfster70 the Troll Monk began the quest for the Orb.
     0 | D:1      | Reached XP level 1. HP: 22/22 MP: 0/0
   106 | D:1      | Reached XP level 2. HP: 29/29 MP: 1/1
   827 | D:2      | Reached XP level 3. HP: 36/36 MP: 2/2
  1227 | D:2      | Reached skill level 4 in Unarmed Combat
  1482 | D:3      | Reached XP level 4. HP: 44/44 MP: 3/3
  1551 | D:3      | Found a bloodstained altar of Trog.
  2089 | D:3      | Noticed Ijyb
  2103 | D:3      | Killed from afar by Ijyb

Skill      XL: |  1  2  3  4 |
---------------+-------------+-----
Unarmed Combat | 4 |  4.4
Dodging        | 3 |  3.1
Fighting       | 3 |  3.0
Stealth        | |  1.0
Shields        | |  0.6

Action                   |  1- 3 |  4- 6 || total
-------------------------+-------+-------++-------
Melee: Unarmed           |   107 |    46 ||   153
       Punch             |     2 |       ||     2
  Use: Potion            |       |     1 ||     1
 Stab: Sleeping          |     3 |     4 ||     7
  Eat: Chunk             |    18 |     4 ||    22
Armor: Robe              |    36 |    15 ||    51
Dodge: Dodged            |    55 |    13 ||    68
Block: Shield            |       |     9 ||     9
